 Dungeon Crawl Stone Soup version 0.31.0-11-ge490571c62 (webtiles) character file.

Game seed: 4023749313542026989

126 qw the Skirmisher (level 4, -1/25 HPs)
             Began as a Deep Elf Hunter on Feb 4, 2024.
             Succumbed to an orc priest's poison
             ... on level 2 of the Dungeon.
             The game lasted 00:01:01 (2003 turns).

qw the Skirmisher (Deep Elf Hunter)                 Turns: 2003, Time: 00:01:02

Health: -1/25      AC:  8    Str:  8 (10) XL:     4   Next: 83%
Magic:  6/6        EV: 10    Int: 13 (14) God:
Gold:   69         SH:  0    Dex: 18      Spells: 3/3 levels left

rFire   . . .        a - +0 shortbow
rCold   . . .        (shield currently unavailable)
rNeg    . . .        d - +0 ring mail
rPois   .            (no helmet)
rElec   .            (no cloak)
rCorr   .            (no gloves)
SInv    .            h - +2 pair of boots
Will    .....        (no amulet)
Stlth   +            (no ring)
HPRegen 0.24/turn    (no ring)
MPRegen 0.10/turn

%: no passive effects
@: lethally poisoned (-1 -> -6)
A: no striking features
a: no special abilities


You were on level 2 of the Dungeon.
You visited 1 branch of the dungeon, and saw 3 of its levels.

You collected 69 gold pieces.


   Skills:
 - Level 1.5 Fighting
 + Level 8.2 Ranged Weapons
 - Level 2.4 Dodging
 - Level 1.2 Stealth


You had 3 spell levels left.
You didn't know any spells.
Your spell library was empty.

Inventory:

Hand Weapons
 a - a +0 shortbow (weapon)
Armour
 d - a +0 ring mail (worn)
 h - a +2 pair of boots (worn)
Potions
 b - a potion of might {unknown}
 e - a potion of berserk rage {unknown}
 i - a potion of heal wounds {unknown}

Dungeon Overview and Level Annotations

Branches:
Dungeon (3/15)

Altars:
Elyvilon

Shops:
D:2 (


Message History

There is a stone staircase leading down here.
You start resting.
HP restored.
You climb downwards.
The orc priest hits you but does no damage.
You are poisoned.
The orc priest hits you but does no damage.
There is a stone staircase leading up here.
1994 ||| STAIRDANCE You feel sick.
The orc priest hits you but does no damage.
You climb upwards.
You feel very sick.
There is a stone staircase leading down here.
You shoot an arrow. The arrow hits the orc priest.
The orc priest is moderately wounded.
You feel sick.
The orc priest hits you but does no damage.
You are more poisoned.
You shoot an arrow. The arrow hits the orc priest!
The orc priest is almost dead.
You feel very sick.
The orc priest hits you with a +2 war axe of venom.
You are lethally poisoned!
You shoot an arrow. The arrow barely misses the orc priest.
You feel very sick. The orc priest misses you.
You shoot an arrow. The arrow hits the orc priest!
You kill the orc priest!
You feel very sick.
You feel your dexterity returning.
Your Ranged Weapons skill increases to level 8!
There is a lethal amount of poison in your body!
You feel sick.
There is a lethal amount of poison in your body!
You feel sick.
There is a lethal amount of poison in your body!
You feel sick.
There is a lethal amount of poison in your body!
You die...

######...#....P77 7PP..## ##
#.#.#..P.PP7777..##
#.#...#....P7....#
#.#....#..P7..P..#
#.#.#.....P......# ###
#.#.#.##.......#.########### ..#
#.#.#.......................
7.####.#.#######[...#.###########
................@<..#.#
7#####.#.##########.#.#
#.#.#..........#.#
######.#.#.######.#.#.#
.......#.#.# #.#.#.# 77######.#.#
#.#.#.# P7 #.#.#
#.#.#.###########


P77 #.#%######.#..........<... [P7#####.#............########### There were no
monsters in sight!

Vanquished Creatures
  An orc priest (D:2)
  An orc wizard (D:2)
  2 adders (D:2)
  A ribbon worm (D:2)
  4 bats
  6 endoplasms (D:1)
  3 goblins
  5 hobgoblins (D:2)
  2 jackals (D:2)
  5 kobolds
  4 quokkas (D:2)
  8 ball pythons
  3 frilled lizards
  3 rats (D:1)
48 creatures vanquished.

Notes
Turn   | Place    | Note
-------+----------+-------------------------------------------
     0 | D:1      | qw the Deep Elf Hunter began the quest for the Orb.
     0 | D:1      | Reached XP level 1. HP: 12/12 MP: 3/3
     0 | D:1      | 0 ||| qw: Version: 0.3-a-160-g6735b56
     0 | D:1      | 0 ||| qw: Game counter: 6001
     0 | D:1      | 0 ||| qw: Melee chars always use a shield: true
     0 | D:1      | 0 ||| qw: God list: Okawaru
     0 | D:1      | 0 ||| qw: Allow faded altars: false
     0 | D:1      | 0 ||| qw: Do Orc after clearing Dungeon:15 true
     0 | D:1      | 0 ||| qw: Do second Lair branch before Depths: true
     0 | D:1      | 0 ||| qw: Lair rune preference: random
     0 | D:1      | 0 ||| qw: Goals: Normal
     0 | D:1      | 0 ||| PLANNING D:1-11
   234 | D:1      | Reached XP level 2. HP: 16/16 MP: 4/4
   251 | D:1      | Reached skill level 6 in Ranged Weapons
   304 | D:1      | Found a faded altar of an unknown god.
   772 | D:1      | 772 ||| UPGRADING to +2 pair of boots.
   777 | D:1      | 777 ||| READING scroll labelled OCALLY KOLIMN.
   778 | D:1      | 778 ||| READING scroll labelled POETEW YVAU.
   778 | D:1      | 778 ||| ENCHANTING +0 shortbow.
   779 | D:1      | 779 ||| READING scroll labelled TIPERCH WOTIDUR.
   780 | D:1      | 780 ||| DRINKING 2 bubbling silvery potions.
   781 | D:1      | 781 ||| DRINKING 2 orange potions.
   782 | D:1      | 782 ||| DROPPING scroll of butterflies.
   783 | D:1      | 783 ||| DROPPING potion of brilliance.
   784 | D:1      | 784 ||| DROPPING potion of degeneration.
   808 | D:2      | Reached XP level 3. HP: 17/20 MP: 5/5
   930 | D:2      | Found Foqezxaf's Antique Weapon Emporium.
   938 | D:2      | 938 ||| SHOPLISTING runed sling (135 gold, have 35).
  1013 | D:2      | Reached skill level 7 in Ranged Weapons
  1128 | D:2      | Found a white marble altar of Elyvilon.
  1621 | D:2      | Reached XP level 4. HP: 25/25 MP: 6/6
  1924 | D:2      | 1924 ||| UPGRADING to +0 ring mail.
  1934 | D:2      | 1934 ||| DROPPING +0 leather armour.
  1961 | D:3      | 1961 ||| STAIRDANCE
  1974 | D:3      | 1974 ||| STAIRDANCE
  1994 | D:3      | 1994 ||| STAIRDANCE
  1999 | D:2      | HP: 5/25 [poisoned by an orc priest]
  2000 | D:2      | Reached skill level 8 in Ranged Weapons
  2001 | D:2      | HP: 1/25 [poisoned by an orc priest]
  2003 | D:2      | Succumbed to an orc priest's poison

Levels and vault maps discovered:
D:1:      dpeg_arrival_castle, layout_loops_corners,
          shapermc_ecumenical_altar_pompeii
D:2:      layout_basic, serial_shops, shop, basic_altar, serial_forest,
          infiniplex_forest_zigzag_2, infiniplex_forest_clump_large,
          infiniplex_forest_pool, infiniplex_forest_clump_large,
          infiniplex_forest_lined_1, infiniplex_forest_split
D:3:      layout_basic, nicolae_overflow_two_pavilions,
          nicolae_hepliaklqana_hazy_memory, serial_curves, eino_curves_04,
          eino_curves_02, minmay_pentangle

Skill      XL: |  1  2  3  4 |
---------------+-------------+-----
Ranged Weapons | 6 7 8 |  8.2
Fighting       | |  1.5
Dodging        | |  2.4
Stealth        | |  1.2

Action                     |  1- 3 |  4- 6 || total
---------------------------+-------+-------++-------
   Fire: Shortbow          |   110 |    22 ||   132
    Use: Scroll            |     3 |       ||     3
         Potion            |     2 |       ||     2
 Armour: Leather armour    |    20 |       ||    20
         Ring mail         |       |    13 ||    13
  Dodge: Dodged            |    24 |     2 ||    26

Table legend:
 A = Non-vault XP
 B = Vault XP
 C = Vault XP percentage of total XP
 D = Non-vault monster count
 E = Vault monster count
 F = Vault count percentage of total count
                 A         B        C        D         E       F
            +---------+---------+-------+---------+---------+-------
      Total |     180 |       0 |   0.0 |      48 |       0 |   0.0
            +---------+---------+-------+---------+---------+-------
        D:1 |      34 |       0 |   0.0 |      21 |       0 |   0.0
        D:2 |     146 |       0 |   0.0 |      27 |       0 |   0.0
            +---------+---------+-------+---------+---------+-------
